Map: Automaton LE

Players

Lambo - Winner!

  • Race: Zerg Zerg
  • League: Grandmaster
  • Spawn Location: 9:00

Vanya

  • Race: Zerg Zerg
  • League: Grandmaster
  • Spawn Location: 3:00

VOD

Have the link to the VOD?

Description

Time

  • Played on: Jan. 10, 2019, 9:26 a.m.
  • Length: 6:06
Show
View Real Time Build Order
Export as new Build Order

Lambo Zerg - Winner!

Build Orders: Hatch First, Zergling Baneling 

Get SALT Encoding   

  12  0:00  Drone  
  13  0:12  Overlord  
  13  0:17  Drone  
  14  0:31  Drone x2  
  16  0:48  Hatchery  
  15  0:52  Drone  
  15  0:55  Drone  
  17  0:58  Drone  
  18  1:09  Extractor  
  17  1:14  Spawning Pool  
  17  1:18  Drone  
  17  1:21  Drone  
  18  1:28  Drone  
  19  1:38  Drone  
  20  1:49  Overlord  
  20  2:00  Queen x2  
  24  2:01  Drone x2  
  26  2:10  Metabolic Boost  
  26  2:11  Drone  
  26  2:14  Drone  
  28  2:21  Drone x2  
  30  2:35  Hatchery  
  29  2:40  Zergling x2, Drone  
  32  2:44  Drone x2  
  33  2:51  Baneling Nest  
  33  2:56  Overlord, Drone  
  33  3:05  Drone  
  34  3:06  Drone  
  34  3:08  Zergling x2  
  36  3:15  Drone x3  
  36  3:16  Zergling x4  
  36  3:18  Overlord  
  41  3:22  Evolution Chamber  
  41  3:24  Zergling x2  
  41  3:33  Queen  
  43  3:35  Drone  
  43  3:37  Drone  
  43  3:40  Drone  
  47  3:41  Drone  
  47  3:44  Drone  
  47  3:45  Drone  
  47  3:48  Drone, Zerg Melee Weapons Level 1  
  49  3:49  Drone  
  49  3:53  Drone  
  52  3:56  Extractor  
  52  3:57  Extractor, Drone x2  
  52  3:59  Drone  
  52  4:01  Baneling x2  
  52  4:02  Zergling x2  
  54  4:04  Zergling x2  
  54  4:05  Drone  
  54  4:08  Baneling x2  
  56  4:14  Zergling x4  
  58  4:22  Baneling x2  
  58  4:27  Overlord  
  57  4:32  Overlord  
  57  4:34  Overlord  
  57  4:35  Lair  
  57  4:36  Overlord  
  57  4:41  Overlord  
  57  4:43  Overlord  
  57  4:47  Drone x8  
  57  4:48  Extractor  
  57  4:52  Baneling x2  
  64  4:53  Drone x2  
  64  4:58  Zergling x4  
  64  4:59  Drone x2  
  70  5:02  Drone  
  70  5:05  Zergling x4  
  73  5:08  Baneling  
  73  5:10  Zergling x2  
  73  5:13  Extractor  
  73  5:15  Extractor  
  73  5:20  Zergling x12  
  76  5:27  Zergling x12  
  78  5:35  Zergling x4  
  78  5:37  Baneling x4  
  78  5:40  Spire  
  78  5:41  Zergling x2  
  78  5:44  Zergling x4  
  78  5:47  Baneling x2  
  80  5:50  Drone  
  80  5:53  Drone x2  
  85  6:04  Hatchery  
Show
View Real Time Build Order
Export as new Build Order

Vanya Zerg 

Build Orders: Hatch First 

Get SALT Encoding   

  12  0:00  Drone  
  13  0:13  Overlord  
  13  0:18  Drone  
  14  0:32  Drone x2  
  16  0:49  Hatchery  
  15  0:52  Drone  
  15  0:56  Drone  
  17  0:59  Drone  
  18  1:11  Extractor  
  17  1:16  Spawning Pool  
  16  1:18  Drone  
  16  1:22  Drone  
  18  1:29  Drone  
  19  1:39  Drone  
  20  1:51  Drone  
  21  2:00  Overlord  
  21  2:03  Queen x2  
  21  2:04  Drone  
  26  2:12  Metabolic Boost  
  26  2:13  Drone  
  26  2:15  Drone  
  28  2:22  Drone x2  
  30  2:38  Hatchery  
  30  2:44  Drone  
  30  2:45  Baneling Nest  
  30  2:46  Zergling x2  
  30  2:48  Drone  
  31  2:52  Drone  
  31  2:56  Overlord  
  32  3:01  Drone  
  33  3:05  Queen  
  35  3:15  Drone x2  
  35  3:17  Drone  
  35  3:18  Drone x2  
  41  3:20  Drone  
  41  3:22  Overlord  
  41  3:26  Zergling x4  
  43  3:29  Zergling x2  
  44  3:35  Overlord  
  44  3:37  Overlord  
  44  3:45  Extractor x2  
  44  3:46  Zergling x4  
  44  3:47  Drone  
  45  3:48  Evolution Chamber  
  45  3:50  Baneling x2  
  45  3:51  Drone  
  45  3:52  Drone  
  45  3:54  Drone  
  47  3:56  Drone  
  47  4:00  Drone  
  47  4:02  Drone  
  50  4:08  Drone  
  51  4:10  Drone  
  52  4:18  Lair  
  52  4:19  Drone x2  
  54  4:31  Drone  
  54  4:32  Drone x6  
  54  4:34  Drone  
  61  4:39  Overlord  
  61  4:43  Zergling x8  
  61  4:45  Zergling x2  
  66  4:49  Zergling x4  
  66  4:50  Zergling x2  
  66  4:52  Baneling x2  
  68  4:57  Overlord  
  68  4:59  Drone  
  69  5:00  Drone x2  
  69  5:01  Extractor, Drone  
  69  5:04  Drone x2  
  69  5:05  Drone  
  69  5:06  Drone  
  75  5:11  Drone x2  
  66  5:21  Zergling x2  
  66  5:22  Zergling x16  
  71  5:28  Drone  
  71  5:29  Drone x3  
  73  5:43  Overlord x3  
  73  5:50  Roach Warren  
Tags
 
Add a new tag
Caveats
  • Supply blocks, unpowered buildings, or Contaminate may cause inaccurate times.
  • Supply counts are checked every 10 seconds.